TOP OF THE 1ST |
Boston Red Sox batting - Pitching for Cleveland Indians : RHP Noah Syndergaard
|
Pitching: RHP Noah Syndergaard
|
|
Batting: RHB Victor Robles
|
0-0: Ball 1-0: Ball 2-0: Called Strike 2-1: Swinging Strike 2-2: Foul Ball, location: 2F 2-2: Ball 3-2: Foul Ball, location: 2F 3-2: Foul Ball, location: 2F 3-2: Foul Ball, location: 2F 3-2: Foul Ball, location: 2F 3-2: Base on Balls
|
Batting: RHB Pablo Reyes
|
0-0: Ball 1-0: Foul Ball, location: 2F 1-1: Grounds into double play, 6-4-3 (Groundball, 6, EV 100.6 MPH)
|
Batting: LHB Greg Bird
|
0-0: Ground out U3 (Groundball, 3, EV 103.1 MPH)
|
Top of the 1st over - 0 runs, 0 hits, 0 errors, 0 left on base; Boston 0 - Cleveland 0 |
BOTTOM OF THE 1ST |
Cleveland Indians batting - Pitching for Boston Red Sox : RHP Edinson Volquez
|
Pitching: RHP Edinson Volquez
|
|
Batting: LHB Adam Frazier
|
0-0: Called Strike 0-1: Swinging Strike 0-2: Ball 1-2: Foul Ball, location: 2F 1-2: SOLO HOME RUN (Flyball, 7D, EV 91.9 MPH), Distance : 373 ft
|
Batting: RHB J.D. Martinez
|
0-0: Foul Ball, location: 2F 0-1: Ball 1-1: Ball 2-1: Ball 3-1: Foul Ball, location: 2F 3-2: SINGLE (Line Drive, 78M, EV 99.4 MPH)
|
Batting: LHB Matt Carpenter
|
0-0: Called Strike 0-1: SINGLE (Line Drive, 8RS, EV 86.9 MPH) J.D. Martinez to second
|
Batting: RHB Steven Souza Jr.
|
0-0: Called Strike 0-1: Ball 1-1: Fielders Choice at 2nd, 6-4 (Groundball, 6M, EV 89.4 MPH) J.D. Martinez to third
|
Batting: SHB Marwin Gonzalez
|
0-0: Ball 1-0: Foul Ball, location: 2F 1-1: Ball 2-1: Ball 3-1: Foul Ball, location: 2F 3-2: Foul Ball, location: 2F 3-2: Strikes out swinging
|
Batting: RHB Jung-ho Kang
|
0-0: Ball 1-0: Ball 2-0: Foul Ball, location: 2F 2-1: Foul Ball, location: 2F 2-2: Strikes out swinging
|
Bottom of the 1st over - 1 run, 3 hits, 0 errors, 2 left on base; Boston 0 - Cleveland 1 |
TOP OF THE 2ND |
Boston Red Sox batting - Pitching for Cleveland Indians : RHP Noah Syndergaard
|
Batting: RHB Albert Pujols
|
0-0: Swinging Strike 0-1: Foul Ball, location: 2F 0-2: Strikes out swinging
|
Batting: RHB Eduardo Nunez
|
0-0: Ball 1-0: SOLO HOME RUN (Flyball, 78XD, EV 92.5 MPH), Distance : 385 ft
|
Batting: LHB Alex Dickerson
|
0-0: Ball 1-0: Called Strike 1-1: Foul Ball, location: 2F 1-2: Strikes out swinging
|
Batting: LHB J.P. Crawford
|
0-0: Ball 1-0: Ball 2-0: Fly out, F9 (Flyball, 89S, EV 92.5 MPH)
|
Top of the 2nd over - 1 run, 1 hit, 0 errors, 0 left on base; Boston 1 - Cleveland 1 |
BOTTOM OF THE 2ND |
Cleveland Indians batting - Pitching for Boston Red Sox : RHP Edinson Volquez
|
Batting: LHB Stephen Vogt
|
0-0: Called Strike 0-1: Fly out, F9 (Line Drive, 9, EV 91.3 MPH)
|
Batting: RHB Tim Locastro
|
0-0: Ball 1-0: Called Strike 1-1: DOUBLE (Line Drive, 7LD, EV 102.5 MPH)
|
Batting: RHB Marcus Semien
|
0-0: Ball 1-0: Fly out, F7 (Flyball, 7S, EV 90.0 MPH)
|
Batting: LHB Adam Frazier
|
0-0: Called Strike 0-1: Foul Ball, location: 2F 0-2: Ground out 2-3 (Groundball, 2L, EV 60.6 MPH)
|
Bottom of the 2nd over - 0 runs, 1 hit, 0 errors, 1 left on base; Boston 1 - Cleveland 1 |
TOP OF THE 3RD |
Boston Red Sox batting - Pitching for Cleveland Indians : RHP Noah Syndergaard
|
Batting: RHB Jonathan Lucroy
|
0-0: Ball 1-0: Foul Ball, location: 2F 1-1: Ball 2-1: Fly out, F8 (Line Drive, 8RD, EV 96.3 MPH)
|
Batting: RHB Ronald Torreyes
|
0-0: Foul Ball, location: 2F 0-1: Ball 1-1: Ball 2-1: Foul Ball, location: 2F 2-2: SINGLE (Line Drive, 8LS, EV 93.1 MPH)
|
Batting: RHB Victor Robles
|
0-0: Ball 1-0: Called Strike 1-1: Called Strike 1-2: Strikes out looking
|
Batting: RHB Pablo Reyes
|
0-0: SINGLE (Line Drive, 56, EV 93.8 MPH) Ronald Torreyes to second Ronald Torreyes to third
|
Batting: LHB Greg Bird
|
0-0: Ball 1-0: Ball 2-0: Called Strike 2-1: Ball 3-1: Foul Ball, location: 2F 3-2: Foul Ball, location: 2F 3-2: Base on Balls Pablo Reyes to second
|
Batting: RHB Albert Pujols
|
0-0: Ball 1-0: Fly out, F3 (Popup, 34S, EV 72.5 MPH)
|
Top of the 3rd over - 0 runs, 2 hits, 0 errors, 3 left on base; Boston 1 - Cleveland 1 |
BOTTOM OF THE 3RD |
Cleveland Indians batting - Pitching for Boston Red Sox : RHP Edinson Volquez
|
Batting: RHB J.D. Martinez
|
0-0: Foul Ball, location: 2F 0-1: Called Strike 0-2: Strikes out swinging
|
Batting: LHB Matt Carpenter
|
0-0: Swinging Strike 0-1: Called Strike 0-2: Ball 1-2: Strikes out swinging
|
Batting: RHB Steven Souza Jr.
|
0-0: Called Strike 0-1: Ball 1-1: Foul Ball, location: 2F 1-2: Strikes out swinging
|
Bottom of the 3rd over - 0 runs, 0 hits, 0 errors, 0 left on base; Boston 1 - Cleveland 1 |
TOP OF THE 4TH |
Boston Red Sox batting - Pitching for Cleveland Indians : RHP Noah Syndergaard
|
Batting: RHB Eduardo Nunez
|
0-0: Called Strike 0-1: Called Strike 0-2: Foul Ball, location: 2F 0-2: Ground out 4-3 (Groundball, 6MS, EV 72.5 MPH)
|
Batting: LHB Alex Dickerson
|
0-0: Called Strike 0-1: Ball 1-1: Fly out, F9 (Flyball, 9LM, EV 90.6 MPH)
|
Batting: LHB J.P. Crawford
|
0-0: Ground out 5-3 (Groundball, 56S, EV 90.0 MPH)
|
Top of the 4th over - 0 runs, 0 hits, 0 errors, 0 left on base; Boston 1 - Cleveland 1 |
BOTTOM OF THE 4TH |
Cleveland Indians batting - Pitching for Boston Red Sox : RHP Edinson Volquez
|
Batting: SHB Marwin Gonzalez
|
0-0: Ball 1-0: Ball 2-0: Ball 3-0: Called Strike 3-1: Foul Ball, location: 2F 3-2: Base on Balls
|
Batting: RHB Jung-ho Kang
|
0-0: Ball 1-0: Ball 2-0: Called Strike 2-1: Called Strike 2-2: Ball 3-2: Foul Ball, location: 2F 3-2: Fly out, F9 (Flyball, 9D, EV 108.1 MPH)
|
Batting: LHB Stephen Vogt
|
0-0: Ball 1-0: Ball 2-0: Foul Ball, location: 2F 2-1: Fly out, F9 (Flyball, 9LM, EV 89.4 MPH)
|
Batting: RHB Tim Locastro
|
0-0: Ball 1-0: Ball 2-0: Called Strike 2-1: Foul Ball, location: 2F 2-2: Ball 3-2: Ground out 6-3 (Groundball, 6, EV 76.3 MPH)
|
Bottom of the 4th over - 0 runs, 0 hits, 0 errors, 1 left on base; Boston 1 - Cleveland 1 |
TOP OF THE 5TH |
Boston Red Sox batting - Pitching for Cleveland Indians : RHP Noah Syndergaard
|
Batting: RHB Jonathan Lucroy
|
0-0: Swinging Strike 0-1: Ball 1-1: Ball 2-1: Ball 3-1: SINGLE (Line Drive, 4D, EV 98.1 MPH)
|
Batting: RHB Ronald Torreyes
|
0-0: Reached on error, E2 (Groundball, 2R, EV 43.8 MPH) Jonathan Lucroy to third
|
Batting: RHB Victor Robles
|
0-0: Called Strike 0-1: Ball 1-1: Fly out, F9 (Flyball, 9LM, EV 83.8 MPH) Runner from 3rd tags up, SCORES, throw by RF Ronald Torreyes to third
|
Batting: RHB Pablo Reyes
|
0-0: Called Strike 0-1: Ball 1-1: Foul Ball, location: 2F 1-2: Foul Ball, location: 2F 1-2: Strikes out looking
|
Batting: LHB Greg Bird
|
0-0: Ground out U3 (Groundball, 3, EV 94.4 MPH)
|
Top of the 5th over - 1 run, 1 hit, 1 error, 1 left on base; Boston 2 - Cleveland 1 |
BOTTOM OF THE 5TH |
Cleveland Indians batting - Pitching for Boston Red Sox : RHP Edinson Volquez
|
Batting: RHB Marcus Semien
|
0-0: Called Strike 0-1: Ground out 6-3 (Groundball, 6, EV 83.1 MPH)
|
Batting: LHB Adam Frazier
|
0-0: Ball 1-0: Ball 2-0: Foul Ball, location: 2F 2-1: Fly out, F7 (Flyball, 7LS, EV 89.4 MPH)
|
Batting: RHB J.D. Martinez
|
0-0: Called Strike 0-1: Fly out, F9 (Flyball, 89S, EV 91.3 MPH)
|
Bottom of the 5th over - 0 runs, 0 hits, 0 errors, 0 left on base; Boston 2 - Cleveland 1 |
TOP OF THE 6TH |
Boston Red Sox batting - Pitching for Cleveland Indians : RHP Noah Syndergaard
|
Batting: RHB Albert Pujols
|
0-0: Called Strike 0-1: SINGLE (Groundball, 6MD, EV 100.0 MPH)
|
Batting: RHB Eduardo Nunez
|
0-0: Foul Ball, location: 2F 0-1: Ball 1-1: Ball 2-1: Ball 3-1: Foul Ball, location: 2F 3-2: SINGLE (Flyball, 8RS, EV 90.0 MPH) Albert Pujols to second
|
Batting: LHB Alex Dickerson
|
0-0: SINGLE (Line Drive, 4MD, EV 102.5 MPH) Albert Pujols to third Eduardo Nunez to second
|
Batting: LHB J.P. Crawford
|
0-0: Called Strike 0-1: Ball 1-1: Ball 2-1: Foul Ball, location: 2F 2-2: Ball 3-2: Fly out, F6 (Popup, 4D, EV 70.6 MPH)
|
Batting: RHB Jonathan Lucroy
|
0-0: Called Strike 0-1: Foul Ball, location: 2F 0-2: Strikes out looking
|
Batting: RHB Ronald Torreyes
|
0-0: Called Strike 0-1: Ball 1-1: Called Strike 1-2: Ground out 4-3 (Groundball, 4, EV 78.8 MPH)
|
Top of the 6th over - 0 runs, 3 hits, 0 errors, 3 left on base; Boston 2 - Cleveland 1 |
BOTTOM OF THE 6TH |
Cleveland Indians batting - Pitching for Boston Red Sox : RHP Edinson Volquez
|
Batting: LHB Matt Carpenter
|
0-0: Swinging Strike 0-1: Foul Ball, location: 2F 0-2: Ball 1-2: Ball 2-2: Fly out, F5 (Popup, 56, EV 66.9 MPH)
|
Batting: RHB Steven Souza Jr.
|
0-0: Foul Ball, location: 2F 0-1: Ball 1-1: Foul Ball, location: 2F 1-2: Ball 2-2: Ball 3-2: Strikes out swinging
|
Batting: SHB Marwin Gonzalez
|
0-0: Swinging Strike 0-1: Called Strike 0-2: Ball 1-2: Ball 2-2: Foul Ball, location: 2F 2-2: Foul Ball, location: 2F 2-2: DOUBLE (Line Drive, 89D, EV 112.5 MPH)
|
Pitching: RHP Connor Sadzeck
|
|
Batting: RHB Jung-ho Kang
|
0-0: Ball 1-0: Fly out, F8 (Flyball, 8LM, EV 92.5 MPH)
|
Bottom of the 6th over - 0 runs, 1 hit, 0 errors, 1 left on base; Boston 2 - Cleveland 1 |
TOP OF THE 7TH |
Boston Red Sox batting - Pitching for Cleveland Indians : RHP Noah Syndergaard
|
Pitching: RHP Kirby Yates
|
|
Batting: RHB Victor Robles
|
0-0: Called Strike 0-1: Foul Ball, location: 2F 0-2: Strikes out looking
|
Batting: RHB Pablo Reyes
|
0-0: Called Strike 0-1: Ball 1-1: Ball 2-1: Foul Ball, location: 2F 2-2: Strikes out swinging
|
Batting: LHB Greg Bird
|
0-0: Ball 1-0: Foul Ball, location: 2F 1-1: Foul Ball, location: 2F 1-2: Strikes out swinging
|
Top of the 7th over - 0 runs, 0 hits, 0 errors, 0 left on base; Boston 2 - Cleveland 1 |
BOTTOM OF THE 7TH |
Cleveland Indians batting - Pitching for Boston Red Sox : RHP Connor Sadzeck
|
Pitching: RHP Oliver Drake
|
|
Batting: LHB Stephen Vogt
|
0-0: Ball 1-0: Ball 2-0: Ball 3-0: Called Strike 3-1: Base on Balls
|
Batting: RHB Tim Locastro
|
0-0: Swinging Strike 0-1: Sac Bunt to 2R - play at first, batter OUT! 2-4 Stephen Vogt to second
|
Batting: RHB Marcus Semien
|
0-0: Ball 1-0: Called Strike 1-1: Ball 2-1: Foul Ball, location: 2F 2-2: Foul Ball, location: 2F 2-2: Ground out 5-3 (Groundball, 56, EV 109.4 MPH)
|
Batting: LHB Adam Frazier
|
0-0: Called Strike 0-1: Called Strike 0-2: Ball 1-2: Ground out 6-3 (Groundball, 6, EV 88.1 MPH)
|
Bottom of the 7th over - 0 runs, 0 hits, 0 errors, 1 left on base; Boston 2 - Cleveland 1 |
TOP OF THE 8TH |
Boston Red Sox batting - Pitching for Cleveland Indians : RHP Kirby Yates
|
Pitching: RHP Dellin Betances
|
|
Batting: RHB Albert Pujols
|
0-0: Foul Ball, location: 2F 0-1: Called Strike 0-2: Ball 1-2: Strikes out looking
|
Batting: RHB Eduardo Nunez
|
0-0: Swinging Strike 0-1: Ball 1-1: Swinging Strike 1-2: Foul Ball, location: 2F 1-2: Ball 2-2: Strikes out swinging
|
Batting: LHB Alex Dickerson
|
0-0: Foul Ball, location: 2F 0-1: Ball 1-1: Ball 2-1: Ball 3-1: Called Strike 3-2: Foul Ball, location: 2F 3-2: Foul Ball, location: 2F 3-2: Foul Ball, location: 2F 3-2: Strikes out swinging
|
Top of the 8th over - 0 runs, 0 hits, 0 errors, 0 left on base; Boston 2 - Cleveland 1 |
BOTTOM OF THE 8TH |
Cleveland Indians batting - Pitching for Boston Red Sox : RHP Oliver Drake
|
Pitching: RHP Craig Kimbrel
|
|
Batting: RHB J.D. Martinez
|
0-0: Foul Ball, location: 2F 0-1: Ball 1-1: Ground out 6-3 (Groundball, 56S, EV 86.9 MPH)
|
Batting: LHB Matt Carpenter
|
0-0: Ball 1-0: Ball 2-0: Ball 3-0: Foul Ball, location: 2F 3-1: Base on Balls
|
Batting: RHB Steven Souza Jr.
|
0-0: Foul Ball, location: 2F 0-1: Foul Ball, location: 2F 0-2: Strikes out looking
|
Batting: SHB Marwin Gonzalez
|
0-0: Ball 1-0: Called Strike 1-1: Foul Ball, location: 2F 1-2: Strikes out swinging
|
Bottom of the 8th over - 0 runs, 0 hits, 0 errors, 1 left on base; Boston 2 - Cleveland 1 |
TOP OF THE 9TH |
Boston Red Sox batting - Pitching for Cleveland Indians : RHP Dellin Betances
|
Pitching: LHP Zac Rosscup
|
|
Batting: LHB J.P. Crawford
|
0-0: Ball 1-0: Ball 2-0: Ball 3-0: Called Strike 3-1: Ground out 4-3 (Groundball, 4, EV 104.4 MPH)
|
Batting: RHB Jonathan Lucroy
|
0-0: Ball 1-0: Ball 2-0: Ball 3-0: Called Strike 3-1: Base on Balls
|
Batting: RHB Ronald Torreyes
|
0-0: Ball 1-0: Foul Ball, location: 2F 1-1: SINGLE (Line Drive, 56, EV 106.3 MPH) Jonathan Lucroy to second
|
Pinch Runner at 2nd Jacoby Ellsbury:
|
|
Batting: RHB Victor Robles
|
0-0: Ball 1-0: Fly out, F9 (Flyball, 9, EV 90.0 MPH)
|
Batting: RHB Pablo Reyes
|
0-0: Called Strike 0-1: Ball 1-1: Ball 2-1: Ball 3-1: Base on Balls Jacoby Ellsbury to third Ronald Torreyes to second
|
Batting: LHB Greg Bird
|
0-0: Called Strike 0-1: Swinging Strike 0-2: Strikes out swinging
|
Top of the 9th over - 0 runs, 1 hit, 0 errors, 3 left on base; Boston 2 - Cleveland 1 |
BOTTOM OF THE 9TH |
Cleveland Indians batting - Pitching for Boston Red Sox : RHP Craig Kimbrel
|
Pitching: RHP Edwin Diaz
|
|
Now at C: Tim Federowicz
|
|
Batting: RHB Jung-ho Kang
|
0-0: Ball 1-0: Foul Ball, location: 2F 1-1: Fly out, F2 (Popup, 23F, EV 90.6 MPH)
|
Batting: LHB Stephen Vogt
|
0-0: Swinging Strike 0-1: Swinging Strike 0-2: Strikes out swinging
|
Batting: RHB Tim Locastro
|
0-0: Called Strike 0-1: Ball 1-1: Ball 2-1: Ball 3-1: Called Strike 3-2: Base on Balls
|
Batting: RHB Marcus Semien
|
0-0: Ball 1-0: Foul Ball, location: 2F 1-1: Fly out, F7 (Flyball, 7LM, EV 102.5 MPH)
|
Bottom of the 9th over - 0 runs, 0 hits, 0 errors, 1 left on base; Boston 2 - Cleveland 1 |
|